 Dungeon Crawl Stone Soup version 0.28-a0-245-g639a1a48b9 (webtiles) character file.

Game seed: 13540169083667709953

1115 rogsnak the Magician (level 8, -4/52 HPs)
             Began as a Djinni Fire Elementalist on Aug 25, 2021.
             Slain by a gnoll (5 damage)
             ... on level 8 of the Dungeon.
             The game lasted 00:14:06 (5467 turns).

rogsnak the Magician (Djinni Fire Elementalist)     Turns: 5467, Time: 00:14:06

Health: -4/52      AC:  3    Str:  7    XL:     8   Next: 60%
Gold:   528        EV: 13    Int: 18    God:
                   SH:  0    Dex: 15

rFire   + + .      SeeInvis .   u - +0 dagger (venom)
rCold   x . .      Faith    .   (no shield)
rNeg    . . .      Spirit   .   a - +0 robe
rPois   ∞          Reflect  .   p - +0 helmet
rElec   .          Harm     .   v - scarf {shadows}
rCorr   .          Rampage  .   (no gloves)
Will    .....                   (boots unavailable)
Stlth   ++........              (no amulet)
HPRegen 0.17/turn               (no ring)
MPRegen 0.00/turn               (no ring)

@: flying
A: sickness immunity, fire resistance 2, cold vulnerability 1, float, innate
caster, hp casting, extra vitality 1
a: no special abilities


You were on level 8 of the Dungeon.
You visited 1 branch of the dungeon, and saw 6 of its levels.
You also visited: Sewer and Ossuary.

You collected 528 gold pieces.

Inventory:

Hand Weapons
 d - a +0 short sword
 n - a +0 flail
 q - a +1 flail of holy wrath
 u - a +0 dagger of venom (weapon)
 y - a +5 short sword
 F - the +6 trident of Upheaval {speed, Contam Fly rN+ Str+2}
   (You found it on level 8 of the Dungeon)

   Attacks with this weapon are significantly faster.
   Str:       It affects your strength (+2).
   rN:        It protects you from negative energy.
   Fly:       It grants you flight.
   Contam:    It causes magical contamination when unequipped.
Missiles
 c - 70 stones
 e - 16 bolts
 o - 39 sling bullets
 I - 5 poisoned darts
Armour
 a - a +0 robe (worn)
 m - a +0 ring mail of cold resistance
 p - a +0 helmet (worn)
 v - a scarf of shadows (worn)
Jewellery
 x - a ring of fire
Scrolls
 b - a scroll of amnesia
 g - 2 scrolls of magic mapping {unknown}
 i - 4 scrolls of teleportation
 j - 6 scrolls of identify {unknown}
 r - 2 scrolls of immolation {unknown}
 s - a scroll of silence {unknown}
 w - a scroll of fog {unknown}
 B - 2 scrolls of vulnerability {unknown}
 C - a scroll of summoning {unknown}
 E - a scroll of noise {unknown}
 G - a scroll of blinking {unknown}
Potions
 f - 3 potions of brilliance {unknown}
 h - a potion of cancellation {unknown}
 k - a potion of resistance {unknown}
 l - 4 potions of ambrosia {unknown}
 t - 4 potions of curing {unknown}
 z - a potion of degeneration {unknown}
 A - a potion of magic {unknown}
 D - a potion of lignification {unknown}
 H - a potion of might {unknown}


   Skills:
 + Level 1.6 Fighting
 - Level 0.3 Maces & Flails
 + Level 3.8 Dodging
 - Level 2.0 Stealth
 + Level 7.2 Spellcasting


You couldn't memorise any spells.
You knew the following spells:

 Your Spells              Type           Power      Damage    Failure   Level
a - Foxfire               Conj/Fire      100%       2x1d9     1%          1
b - Conjure Flame         Conj/Fire      32%        6-21      1%          3
c - Inner Flame           Hex/Fire       32%        N/A       1%          3
d - Sticky Flame          Conj/Fire      32%        2d5       5%          4
e - Fireball              Conj/Fire      16%        3d8       16%         5
f - Pain                  Necr           100%       1d9       1%          1
g - Searing Ray           Conj           64%        3d5       1%          2
h - Confusing Touch       Hex            32%        N/A       1%          3
Your spell library was empty.

Dungeon Overview and Level Annotations

Branches:
Dungeon (5/15)              Sewer (visited)         Ossuary (visited)
 Temple: D:4-7

Altars:
Elyvilon
Nemelex Xobeh
Okawaru
Qazlal
Sif Muna
Zin

Shops:
D:3 (*   D:4 =


Innate Abilities, Weirdness & Mutations

You are immune to sickness and miasma.
You are immune to poison.
Your flesh is very heat resistant. (rF++)
You are vulnerable to cold. (rC-)
You float through the air rather than walking.
You learn spells naturally, not from books.
Your magical power is your life essence.
You have superior vitality. (+4 HP)


Message History

The wight is moderately damaged.
The foxfire hits the howler monkey.
The howler monkey is lightly wounded.
Casting: Foxfire (safe; 1% risk of failure)
Confirm with . or Enter, or press ? or * to list all spells.
You don't know that spell.
Sorry, you're not good enough to have a special ability.
You closely miss the howler monkey.
The howler monkey is lightly wounded.
The foxfire hits the wight but does no damage.
The wight is moderately damaged.
The howler monkey hits you but does no damage.
The gnoll barely misses you. The howler monkey hits you!
Unknown command.
You hit the howler monkey.
The howler monkey is poisoned.
The howler monkey is moderately wounded.
The gnoll closely misses you. The wight closely misses you.
The howler monkey hits you but does no damage.
The wight closely misses you.
A kobold comes into view.
It is wielding a +0 short sword and quivering poisoned darts.
The howler monkey hoots and howls with incredible vigour!
You hear a howl!
You hear a shout!
You barely miss the howler monkey.
The howler monkey is moderately wounded.
The howler monkey hits you.
The gnoll hits you from afar with a +0 spear.
The wight hits you with a +0 hand axe of draining.
* * * LOW HITPOINT WARNING * * *
The wight hits you from afar with a +5 halberd!
* * * LOW HITPOINT WARNING * * *
The howler monkey misses you.
A kobold comes into view.
It is wielding a +0 dagger and wearing the +9 plate armour of Somewhere Else {rF+ Regen+ rCorr Stlth+}.
Unknown command.
Okay, then.
As you read the scroll labelled UXEADGHO WAUPN, it crumbles to dust.
It is a scroll of amnesia.
You feel forgetful for a moment. The howler monkey hits you.
* * * LOW HITPOINT WARNING * * *
The gnoll hits you from afar with a +0 spear.
You die...

.. #≈K #.##≈. ## ≈≈≈≈≈. ...
...... .... ....g.###.... ##
#...z.z...# ...# #..h@z....#
....#..#########h######
#...#.....h....)...# #...#.#
#..<##.)...## ....#.#
+....#......##### ..>...#
#.........###...###
......#.#..§.....##.......##
......#...§.....##.........##
.##'#.####.###..#....≈≈≈....#


You could see 2 howler monkeys, 3 wights, a gnoll and a kobold.

Vanquished Creatures
  A shadow (D:8)
  A water moccasin (D:5)
  A water moccasin skeleton (D:5)
  4 wights (D:5)
  A howler monkey (D:8)
  4 orc priests
  A centaur skeleton (D:2)
  2 orc wizards
  2 merfolk sirens (Sewer)
  A merfolk avatar (Sewer)
  8 mummies (Ossuary)
  3 gnolls (D:5)
  6 river rats (Sewer)
  5 adders
  2 worms
  A dart slug (D:1)
  5 orcs
  6 ball pythons
  9 endoplasms
  3 giant cockroaches
  9 goblins
  A hobgoblin (D:4)
  8 jackals
  8 quokkas
  6 bats
  7 frilled lizards
  3 hobgoblin zombies (Ossuary)
  11 kobolds
  3 kobold zombies (Ossuary)
  2 orc zombies (Ossuary)
  24 rats
148 creatures vanquished.

Vanquished Creatures (others)
  494 foxfires
494 creatures vanquished.

Grand Total: 642 creatures vanquished

Notes
Turn   | Place    | Note
-------+----------+-------------------------------------------
     0 | D:1      | rogsnak the Djinni Fire Elementalist began the quest for
                  | the Orb.
     0 | D:1      | Reached XP level 1. HP: 15/15 MP: 0/0
    93 | D:1      | Reached XP level 2. HP: 9/21 MP: 0/0
   874 | D:1      | Reached XP level 3. HP: 20/25 MP: 0/0
   874 | D:1      | Learned a level 1 spell: Pain
  1005 | D:1      | Reached skill level 3 in Spellcasting
  1496 | D:2      | Found a faded altar of an unknown god.
  1682 | D:2      | Reached XP level 4. HP: 27/31 MP: 0/0
  1952 | D:2      | Reached XP level 5. HP: 28/36 MP: 0/0
  1952 | D:2      | Learned a level 2 spell: Searing Ray
  1981 | D:2      | Reached skill level 4 in Spellcasting
  2530 | D:3      | Found a sparkling altar of Nemelex Xobeh.
  2698 | D:3      | Found a stormy altar of Qazlal.
  2758 | D:3      | Reached XP level 6. HP: 40/41 MP: 0/0
  2768 | D:3      | Found a glowing drain.
  2772 | Sewer    | Entered a sewer
  3044 | Sewer    | Reached skill level 1 in Fighting
  3124 | Sewer    | Reached skill level 5 in Spellcasting
  3607 | D:3      | Found Mimewna's Weapon Shop.
  3717 | D:3      | Found Zin's Purification Station.
  3719 | D:3      | Found a glowing silver altar of Zin.
  3874 | D:4      | Reached XP level 7. HP: 40/47 MP: 0/0
  3874 | D:4      | Learned a level 3 spell: Confusing Touch
  4297 | D:4      | Found Esemi's Jewellery Shoppe.
  4365 | D:4      | Found an iron altar of Okawaru.
  4544 | D:4      | Found a white marble altar of Elyvilon.
  4618 | D:5      | Entered Level 5 of the Dungeon
  4683 | D:5      | Reached skill level 6 in Spellcasting
  4702 | D:5      | Noticed a water moccasin
  4707 | D:5      | Killed a water moccasin
  4708 | D:5      | Reached XP level 8. HP: 21/52 MP: 0/0
  4790 | D:5      | Found a sand-covered staircase.
  4874 | Ossuary  | Entered an ossuary
  5273 | D:5      | You are sucked into a shaft and drop 3 floors!
  5278 | D:8      | Identified the +6 trident of Upheaval {speed, Contam Fly
                  | rN+ Str+2}
  5320 | D:8      | Noticed a shadow
  5425 | D:8      | Killed a shadow
  5426 | D:8      | Reached skill level 7 in Spellcasting
  5466 | D:8      | Identified the +9 plate armour of Somewhere Else {rF+
                  | Regen+ rCorr Stlth+}
  5467 | D:8      | HP: 1/52 [howler monkey (3)]
  5467 | D:8      | Slain by a gnoll

Illustrated notes

Levels and vault maps discovered:
D:1:      nicolae_arrival_memento_mori, layout_basic, st_stairs_5,
          minmay_pentomino_t4
D:2:      cheibrodos_pilgrimage, layout_rooms,
          dreamdust_ecumenical_altar_statues
D:3:      layout_basic, zin_purify, mainiacjoe_overflow_alcove_1,
          overflow_temple_1_default, gup_sewer_entry_bowl, serial_shops,
          nicolae_square_shop, dk_noncrumbling_3
D:4:      layout_rooms, mainiacjoe_overflow_paths, lemuel_crystal_altar,
          serial_shops, nicolae_shop_statue_plus
D:5:      cheibrodos_helix_gallery, layout_loops_ring,
          eat_drink_and_be_merry_uskayaw, lightli_ossuary_entry_decrepit_ruins
D:8:      layout_basic, tgw_sif, regret_index_temple_of_mockery,
          yredelemnul_forgotten_temple_becter, gammafunk_ghost_necromancy,
          enter_bailey_3, minmay_strange_pillars

Skill      XL: |  1  2  3  4  5  6  7  8 |
---------------+-------------------------+-----
Stealth        | 2 |  2.0
Spellcasting   | 3 4 5 6 7 |  7.2
Dodging        | 3 |  3.8
Fighting       | 1 |  1.6
Maces & Flails | |  0.3

Action                   |  1- 3 |  4- 6 |  7- 9 || total
-------------------------+-------+-------+-------++-------
Melee: Short sword       |    12 |     2 |       ||    14
       Flail             |       |    10 |     1 ||    11
       Dagger            |       |       |    23 ||    23
 Cast: Foxfire           |    69 |   129 |   113 ||   311
       Sticky Flame      |       |       |     3 ||     3
  Use: Scroll            |       |       |     1 ||     1
 Stab: Sleeping          |       |       |     1 ||     1
Armor: Robe              |     5 |     3 |     4 ||    12
Dodge: Dodged            |     6 |    26 |    24 ||    56

Table legend: (Time is in decaauts)
 A = Elapsed time spent in this place.
 B = Non-inter-level travel time spent in this place.
 C = Inter-level travel time spent in this place.
 D = Time resting spent in this place.
 E = Time spent auto-exploring this place.
 F = Levels seen in this place.
 G = Mean time per level.
                   A        B        C        D        E       F      G
               +--------+--------+--------+--------+--------+-----+--------+
         Total |   5468 |   5411 |     57 |    631 |   3210 |   8 |  683.5 |
       Dungeon |   4414 |   4357 |     57 |    144 |   3112 |   6 |  735.7 |
         Sewer |    696 |    696 |      0 |    332 |     19 |   1 |  696.0 |
       Ossuary |    357 |    357 |      0 |    155 |     79 |   1 |  357.0 |
               +--------+--------+--------+--------+--------+-----+--------+

Top non-repeatable levels by time:
     D:1: 1496 daAuts
     D:2: 1025 daAuts
     D:4: 747 daAuts
   Sewer: 696 daAuts
     D:3: 655 daAuts
 Ossuary: 357 daAuts
     D:5: 296 daAuts
     D:8: 193 daAuts
